[Event "Titled Tuesday Blitz August 09 Early 2022"]
[White "Ezat, Mohamed"]
[Black "Zhigalko, Sergei"]
[WhiteFideId "10600906"]
[BlackFideId "13502956"]
[WhiteElo "2386"]
[BlackElo "2662"]
[Result "0-1"]
[Round "05"]
[TimeControl "180+1"]
[Date "2022.08.09"]
[WhiteClock "0:01:05"]
[BlackClock "0:00:18"]

1. d4 Nf6 2. c4 e6 3. Nc3 Bb4 4. e3 O-O 5. a3 Bxc3+ 6. bxc3 c5 7. Bd3 Nc6 8. Ne2 b6 9. O-O Ba6 10. e4 Ne8 11. Ng3 cxd4 12. cxd4 Nxd4 13. f4 f6 14. Bb2 Nc6 15. Qg4 Qe7 16. Kh1 Na5 17. Rac1 Rc8 18. e5 f5 19. Nxf5 exf5 20. Bxf5 Rxc4 21. Bxd7 Nc7 22. e6 Nd5 23. Rcd1 Ne3 24. Qe2 Rcxf4 25. Rxf4 Bxe2 26. Rf7 Rxf7 27. exf7+ Qxf7 28. Rc1 Qxd7 0-1


[Site "https://www.chess.com"]

[Event "Titled Tuesday Blitz August 09 Early 2022"]
[White "Fernandez Siles, Luis"]
[Black "Degardin, Sylvain"]
[WhiteFideId "2209420"]
[BlackFideId "20623070"]
[WhiteElo "2211"]
[BlackElo "2146"]
[Result "1-0"]
[Round "05"]
[TimeControl "180+1"]
[Date "2022.08.09"]
[WhiteClock "0:00:05"]
[BlackClock "0:00:04"]

1. e4 Nc6 2. Nf3 d6 3. d4 Nf6 4. Nc3 g6 5. d5 Nb8 6. h3 Bg7 7. Be2 O-O 8. O-O c6 9. dxc6 Nxc6 10. Be3 a6 11. a4 Bd7 12. Qd2 Rc8 13. Bh6 Na5 14. Bxg7 Kxg7 15. Rfd1 Qc7 16. Qd4 Nc4 17. Nd5 e5 18. Qxc4 Qxc4 19. Bxc4 Rxc4 20. Nxf6 Kxf6 21. Rxd6+ Be6 22. c3 Rxe4 23. Rb6 Rb8 24. a5 Ke7 25. Rd1 h6 26. Re1 Rxe1+ 27. Nxe1 Bd5 28. Nd3 f6 29. Nb4 Be6 30. Nxa6 Ra8 31. Rxe6+ Kf7 32. Nc5 Rxa5 33. Rb6 Rxc5 34. Rxb7+ Ke6 35. f3 Rd5 36. Kf2 Rd2+ 37. Ke3 Rxg2 38. b4 Rc2 39. Kd3 Rf2 40. b5 Rxf3+ 41. Kc4 Kd6 42. Rb6+ Kc7 43. Rc6+ Kb7 44. Re6 g5 45. Kb4 h5 46. c4 g4 47. c5 gxh3 48. Re7+ Kc8 49. c6 h2 50. b6 Kd8 51. Rd7+ Ke8 52. b7 Rf4+ 53. Kc5 Rc4+ 54. Kxc4 h1=Q 55. b8=Q# 1-0


[Site "https://www.chess.com"]

[Event "Titled Tuesday Blitz August 09 Early 2022"]
[White "Ferreira, Vitor Hugo Vieira"]
[Black "Malek, Jan"]
[WhiteFideId "2119765"]
[BlackFideId "21864080"]
[WhiteElo "2168"]
[BlackElo "2143"]
[Result "0-1"]
[Round "05"]
[TimeControl "180+1"]
[Date "2022.08.09"]
[WhiteClock "0:01:10"]
[BlackClock "0:01:54"]

1. d4 Nf6 2. c4 e6 3. Nf3 d5 4. Nc3 c5 5. e3 Nc6 6. a3 dxc4 7. Bxc4 a6 8. O-O b5 9. Ba2 Bb7 10. Qe2 cxd4 11. Rd1 b4 12. Nxd4 bxc3 13. Nxc6 Qc7 14. Nd4 Bd6 15. h3 O-O 16. bxc3 Ne4 17. Bb2 Bh2+ 18. Kh1 Bg3 19. c4 Bxf2 20. Qg4 Ng3+ 21. Kh2 Nf1+ 22. Kh1 Qh2# 0-1


[Site "https://www.chess.com"]

[Event "Titled Tuesday Blitz August 09 Early 2022"]
[White "Fiorito, Joaquin"]
[Black "Kaufman, Raymond"]
[WhiteFideId "180173"]
[BlackFideId "2015056"]
[WhiteElo "1758"]
[BlackElo "2321"]
[Result "1-0"]
[Round "05"]
[TimeControl "180+1"]
[Date "2022.08.09"]
[WhiteClock "0:00:19"]
[BlackClock "0:00:01"]

1. e4 e5 2. Nf3 Nc6 3. Bb5 a6 4. Ba4 Nf6 5. O-O Bc5 6. d3 b5 7. Bb3 d6 8. h3 O-O 9. Nc3 Be6 10. Be3 h6 11. Qd2 Nd4 12. Bxd4 Bxd4 13. Nxd4 exd4 14. Ne2 c5 15. Bxe6 fxe6 16. c3 dxc3 17. bxc3 Qd7 18. Qe3 Rac8 19. Rad1 d5 20. e5 d4 21. cxd4 Nd5 22. Qe4 cxd4 23. Qxd4 Rc2 24. Ng3 Rf4 25. Ne4 Rxa2 26. Rc1 Kh7 27. Rc5 Qf7 28. Rc6 Ra4 29. Qb2 Raxe4 30. dxe4 Rxe4 31. Qc2 Qg6 32. Rxe6 Qf5 33. Rd6 Nf4 34. Kh1 Nxh3 35. Rd4 Nxf2+ 36. Rxf2 1-0


[Site "https://www.chess.com"]

[Event "Titled Tuesday Blitz August 09 Early 2022"]
[White "Floresvillar Gonzalez, Luis Migu"]
[Black "Vazquez Espino, Uriel"]
[WhiteFideId "5100542"]
[BlackFideId "5119138"]
[WhiteElo "2040"]
[BlackElo "2389"]
[Result "1-0"]
[Round "05"]
[TimeControl "180+1"]
[Date "2022.08.09"]
[WhiteClock "0:00:41"]
[BlackClock "0:00:20"]

1. d4 Nf6 2. c3 c5 3. dxc5 a5 4. Nf3 g6 5. a3 Bg7 6. b4 axb4 7. cxb4 Na6 8. Bb2 O-O 9. e3 b6 10. cxb6 Qxb6 11. Be2 d6 12. O-O Bb7 13. Nbd2 Nc7 14. Nb3 Rfc8 15. Rc1 Ne6 16. Nbd4 Bd5 17. Rxc8+ Rxc8 18. Nxe6 Bxe6 19. Nd4 Bd5 20. Bf3 Qb7 21. Bxd5 Qxd5 22. Nf3 Qa2 23. Qa1 Qb3 24. Nd4 Qa4 25. Rc1 Ra8 26. Qb1 h5 27. h3 Qa6 28. Qc2 h4 29. Nf3 Rb8 30. Nxh4 Qb5 31. Nf3 Qh5 32. Qc7 Re8 33. Qc6 Kf8 34. b5 Qf5 35. a4 Nd7 36. Bxg7+ Kxg7 37. Nd4 Qd3 38. Qxd7 1-0


[Site "https://www.chess.com"]

[Event "Titled Tuesday Blitz August 09 Early 2022"]
[White "Flynn, Jacob"]
[Black "Quirke, Jeffrey"]
[WhiteFideId "2509393"]
[BlackFideId "2013029"]
[WhiteElo "1920"]
[BlackElo "2224"]
[Result "1-0"]
[Round "05"]
[TimeControl "180+1"]
[Date "2022.08.09"]
[WhiteClock "0:01:45"]
[BlackClock "0:00:07"]

1. d4 d5 2. c4 e6 3. Nc3 Bb4 4. cxd5 exd5 5. Qc2 Ne7 6. Bg5 Bf5 7. Qb3 a5 8. e3 c6 9. Be2 Nd7 10. Nf3 f6 11. Bf4 O-O 12. h3 Ng6 13. Bh2 Qb6 14. O-O Be7 15. Qxb6 Nxb6 16. g4 Be6 17. Rfc1 Rfe8 18. b3 Bf8 19. Rab1 Ba3 20. Rc2 Bf7 21. Na4 Nd7 22. Nc5 Nxc5 23. dxc5 Ne5 24. Nd4 Nd7 25. Bd6 b6 26. Nxc6 Bxc5 27. Bxc5 bxc5 28. Bb5 Kf8 29. Nxa5 Rxa5 30. Bxd7 Rd8 31. Bf5 Rxa2 32. Rxa2 d4 33. exd4 1-0


[Site "https://www.chess.com"]

[Event "Titled Tuesday Blitz August 09 Early 2022"]
[White "Gareyev, Timur"]
[Black "Nakamura, Hikaru"]
[WhiteFideId "14200937"]
[BlackFideId "2016192"]
[WhiteElo "2528"]
[BlackElo "2850"]
[Result "0-1"]
[Round "05"]
[TimeControl "180+1"]
[Date "2022.08.09"]
[WhiteClock "0:00:03"]
[BlackClock "0:00:05"]

1. d4 f5 2. g4 fxg4 3. h3 g3 4. fxg3 d5 5. Nc3 Bf5 6. e4 dxe4 7. Bf4 e6 8. g4 Bg6 9. Nge2 Nf6 10. Qd2 Nc6 11. Bg2 Bb4 12. O-O O-O 13. Bg5 Qd7 14. Bxf6 gxf6 15. Rad1 f5 16. Qh6 Qg7 17. Qxg7+ Kxg7 18. d5 exd5 19. Nxd5 Bd6 20. Nef4 Rae8 21. c4 fxg4 22. hxg4 e3 23. Nxg6 hxg6 24. Rxf8 Kxf8 25. Re1 e2 26. Bf3 Nd4 27. Kg2 Kg7 28. Nc3 Bb4 29. a3 Bxc3 30. bxc3 Nc2 31. Rxe2 Rxe2+ 32. Bxe2 Nxa3 33. Bd3 g5 34. Kf3 Kf6 35. Ke4 Ke6 36. c5 b5 37. cxb6 axb6 38. Kd4 c6 39. Bf5+ Kd6 40. Bd3 Nb5+ 41. Bxb5 cxb5 42. Ke4 Ke6 43. Kd4 Kd6 44. Ke4 Kc5 45. Kf5 Kc4 46. Kxg5 Kxc3 47. Kf4 b4 48. g5 b3 49. g6 b2 50. g7 b1=Q 51. g8=Q Qd3 52. Qa8 b5 53. Kg5 Qe3+ 54. Kg6 Qe6+ 55. Kg7 Qe5+ 56. Kg8 Qe6+ 57. Kh8 Qc4 58. Kh7 Kc2 59. Qg2+ Kc3 60. Qf2 Qd3+ 61. Kh6 Qd2+ 0-1


[Site "https://www.chess.com"]

[Event "Titled Tuesday Blitz August 09 Early 2022"]
[White "Garrido, Denis"]
[Black "Jaskolka, Tomasz"]
[WhiteFideId "601217"]
[BlackFideId "1170791"]
[WhiteElo "2335"]
[BlackElo "2073"]
[Result "1-0"]
[Round "05"]
[TimeControl "180+1"]
[Date "2022.08.09"]
[WhiteClock "0:01:17"]
[BlackClock "0:00:05"]

1. e4 e6 2. d4 d5 3. e5 c5 4. c3 Nc6 5. Nf3 Bd7 6. Be2 Nge7 7. Na3 Nf5 8. Nc2 Be7 9. O-O cxd4 10. cxd4 O-O 11. Ne3 Qb6 12. Nxf5 exf5 13. Rb1 Be6 14. h4 h6 15. Be3 a5 16. g3 a4 17. Ne1 f4 18. gxf4 Bxh4 19. Nf3 Bd8 20. Bd3 Ne7 21. Nh4 g6 22. Qf3 Kh7 23. Kg2 h5 24. Rh1 Ng8 25. Qxh5+ Kg7 26. Nxg6 Bh3+ 27. Rxh3 fxg6 28. Qh7# 1-0


[Site "https://www.chess.com"]

[Event "Titled Tuesday Blitz August 09 Early 2022"]
[White "Garriga Cazorla, Pere"]
[Black "Samant Aditya S"]
[WhiteFideId "32011601"]
[BlackFideId "35080580"]
[WhiteElo "2365"]
[BlackElo "1968"]
[Result "1-0"]
[Round "05"]
[TimeControl "180+1"]
[Date "2022.08.09"]
[WhiteClock "0:01:09"]
[BlackClock "0:00:02"]

1. d4 Nf6 2. c4 e6 3. Nc3 Bb4 4. e3 b6 5. Bd3 Bb7 6. Ne2 O-O 7. a3 Be7 8. e4 c5 9. d5 d6 10. f4 Nbd7 11. O-O e5 12. f5 Ne8 13. Kh1 Bg5 14. Ng1 Bxc1 15. Qxc1 a6 16. Nf3 Nc7 17. Qe3 b5 18. cxb5 axb5 19. Nxb5 Nxb5 20. Bxb5 Ba6 21. Bxa6 Rxa6 22. Nd2 f6 23. g4 Qb8 24. b3 Qa7 25. a4 Rb8 26. h4 Rb4 27. g5 Rd4 28. Rg1 Kh8 29. Rg2 Rb6 30. Rag1 Rb7 31. h5 fxg5 32. Qxg5 Nf6 33. h6 Rf7 34. Qh4 Qe7 35. a5 Qf8 36. a6 gxh6 37. a7 h5 38. Qg5 Qa8 39. Nc4 Rxe4 40. Nxd6 1-0


[Site "https://www.chess.com"]

[Event "Titled Tuesday Blitz August 09 Early 2022"]
[White "Gatterer, Florian"]
[Black "Begunov, Konstantin"]
[WhiteFideId "811688"]
[BlackFideId "4118510"]
[WhiteElo "2218"]
[BlackElo "2262"]
[Result "0-1"]
[Round "05"]
[TimeControl "180+1"]
[Date "2022.08.09"]
[WhiteClock "0:00:09"]
[BlackClock "0:00:13"]

1. c4 c6 2. Nf3 d5 3. e3 Nf6 4. Nc3 Bg4 5. Qb3 Bc8 6. cxd5 cxd5 7. d4 e6 8. Ne5 Nbd7 9. f4 Bd6 10. Bd3 O-O 11. O-O b6 12. Bd2 Bb7 13. Nb5 Bb8 14. Bb4 Re8 15. Nd6 Bxd6 16. Bxd6 Ne4 17. Bb5 Nxd6 18. Bxd7 Re7 19. Bb5 Rc8 20. Rac1 Rec7 21. Rxc7 Qxc7 22. Bd3 Ne4 23. Bxe4 dxe4 24. f5 Bd5 25. Qa3 f6 26. Ng4 exf5 27. Rxf5 Be6 28. Rf4 Bxg4 29. Rxg4 Qc1+ 30. Kf2 Rc2+ 31. Kg3 Qd2 32. Qb3+ Kh8 33. Qf7 Qxg2+ 34. Kf4 Qf3# 0-1


[Site "https://www.chess.com"]

[Event "Titled Tuesday Blitz August 09 Early 2022"]
[White "Gil Alba, Hector Luis"]
[Black "Dilanyan, Grigor"]
[WhiteFideId "3504670"]
[BlackFideId "13303570"]
[WhiteElo "2331"]
[BlackElo "2264"]
[Result "1/2-1/2"]
[Round "05"]
[TimeControl "180+1"]
[Date "2022.08.09"]
[WhiteClock "0:00:10"]
[BlackClock "0:00:05"]

1. e4 e5 2. Nf3 Nc6 3. Bb5 a6 4. Ba4 Nf6 5. d3 d6 6. O-O Be7 7. c3 O-O 8. Nbd2 b5 9. Bb3 Na5 10. Bc2 c5 11. Re1 Be6 12. Nf1 b4 13. Ng3 Nc6 14. h3 Qd7 15. Nh4 g6 16. Qf3 Ne8 17. Nhf5 gxf5 18. exf5 Kh8 19. Bh6 Rg8 20. Ba4 Rc8 21. fxe6 Qxe6 22. Nf5 d5 23. Bf4 Bf6 24. Bh2 Ng7 25. Nh6 Rgf8 26. Ng4 e4 27. dxe4 Ne5 28. Qxf6 Qxf6 29. Nxf6 Nd3 30. exd5 Nxb2 31. Bb3 bxc3 32. d6 c4 33. Bc2 Ne6 34. d7 Rc5 35. Bd6 Rd8 36. Bxc5 Kg7 37. Rxe6 fxe6 38. Be7 Rxd7 39. Nxd7 Kf7 40. Ne5+ Kxe7 41. Nxc4 Nxc4 42. Rc1 Kd6 43. Bb3 Na3 44. Rxc3 a5 45. Re3 e5 46. Bg8 Nb5 47. Bxh7 Nd4 48. Bd3 Kd5 49. h4 Ke6 50. h5 Kf6 51. h6 a4 52. h7 Kg7 53. Rxe5 a3 54. Re8 Nf3+ 55. gxf3 Kf7 56. h8=Q 1/2-1/2


[Site "https://www.chess.com"]

[Event "Titled Tuesday Blitz August 09 Early 2022"]
[White "Ginzburg, Yakov"]
[Black "Demchenko, Anton"]
[WhiteFideId "4157176"]
[BlackFideId "4160258"]
[WhiteElo "2265"]
[BlackElo "2539"]
[Result "0-1"]
[Round "05"]
[TimeControl "180+1"]
[Date "2022.08.09"]
[WhiteClock "0:01:09"]
[BlackClock "0:02:15"]

1. e4 e5 2. Nf3 Nc6 3. Bb5 a6 4. Bxc6 dxc6 5. O-O Qf6 6. d4 exd4 7. Qxd4 Qxd4 8. Nxd4 Bd7 9. Bf4 O-O-O 10. Nc3 Ne7 11. Rad1 Ng6 12. Bg3 Bb4 13. Nce2 Rhe8 14. f3 Bf8 15. Rfe1 Ne5 16. b3 f6 17. c4 Bb4 18. Rf1 Nf7 19. Be1 Bf8 20. Bc3 b6 21. Rfe1 a5 22. a4 Nd6 23. g4 Nb7 24. Kg2 Nc5 25. h3 Kb7 26. Nc1 Bc8 27. Nd3 Nxd3 28. Rxd3 c5 29. f4 cxd4 30. Rxd4 Rxd4 31. Bxd4 Rd8 32. Be3 Rd3 33. e5 fxe5 34. fxe5 Be6 35. Kf2 Rxb3 36. Rd1 Be7 0-1


[Site "https://www.chess.com"]

[Event "Titled Tuesday Blitz August 09 Early 2022"]
[White "Gurel, Ediz"]
[Black "Sarana, Alexey"]
[WhiteFideId "44507356"]
[BlackFideId "24133795"]
[WhiteElo "1894"]
[BlackElo "2666"]
[Result "0-1"]
[Round "05"]
[TimeControl "180+1"]
[Date "2022.08.09"]
[WhiteClock "0:00:02"]
[BlackClock "0:00:56"]

1. e4 c5 2. Nf3 d6 3. d4 cxd4 4. Nxd4 Nf6 5. Nc3 a6 6. Be3 e5 7. Nf3 Qc7 8. a4 Be7 9. a5 O-O 10. Be2 Bd8 11. O-O Nc6 12. Bb6 Qe7 13. Nd5 Nxd5 14. Bxd8 Nxd8 15. Qxd5 Be6 16. Qd2 Nc6 17. Rad1 Rad8 18. c4 Bg4 19. b4 g6 20. Qc3 Qf6 21. Rd3 Rc8 22. Rfd1 Rfd8 23. h3 Bxf3 24. Rxf3 Qh4 25. Re3 Rd7 26. c5 Nd4 27. Bc4 dxc5 28. bxc5 Rxc5 29. Bxf7+ Rxf7 30. Qxc5 Qxf2+ 31. Kh1 Qxe3 32. Qxe5 Nc6 33. Qe6 Qf4 34. Rd7 Qf1+ 35. Kh2 Qf6 36. Qb3 Kg7 37. Rxb7 Ne5 38. Rxf7+ Qxf7 39. Qb6 Qf6 40. Qc7+ Kh6 41. Qc1+ g5 42. Qc7 Kg6 43. Qc8 h5 44. Kg1 g4 45. hxg4 Nxg4 46. Qg8+ Kh6 47. Qa2 Qd4+ 48. Kf1 Qd1# 0-1


[Site "https://www.chess.com"]

[Event "Titled Tuesday Blitz August 09 Early 2022"]
[White "Gurevich, Dmitry"]
[Black "Gabdrakhmanov, Azat"]
[WhiteFideId "2000407"]
[BlackFideId "34189197"]
[WhiteElo "2506"]
[BlackElo "2293"]
[Result "1-0"]
[Round "05"]
[TimeControl "180+1"]
[Date "2022.08.09"]
[WhiteClock "0:00:14"]
[BlackClock "0:00:04"]

1. d4 Nf6 2. c4 g6 3. Nc3 Bg7 4. e4 O-O 5. Nf3 d6 6. Be2 e5 7. O-O Nc6 8. d5 Ne7 9. Ne1 Nd7 10. Be3 f5 11. f3 f4 12. Bf2 g5 13. Nb5 b6 14. b4 a6 15. Nc3 Nf6 16. c5 Ng6 17. a4 h5 18. h3 Rf7 19. Nd3 Bf8 20. cxb6 cxb6 21. Nb2 Rg7 22. Nc4 Rb8 23. a5 b5 24. Nb6 g4 25. hxg4 hxg4 26. fxg4 Ne7 27. Nxc8 Rxc8 28. Rc1 Qd7 29. Qd3 Nxg4 30. Qh3 Rc7 31. Nxb5 Rxc1 32. Rxc1 axb5 33. a6 Nc8 34. Rc6 Be7 35. Kf1 Bd8 36. a7 Nxa7 37. Bxg4 Rxg4 38. Bxa7 f3 39. Bf2 fxg2+ 40. Kg1 Kf8 41. Qh6+ Rg7 42. Rxd6 Qc7 43. Qh8+ Ke7 44. Qxg7+ Ke8 45. Re6+ Be7 46. Bc5 1-0


[Site "https://www.chess.com"]

[Event "Titled Tuesday Blitz August 09 Early 2022"]
[White "Hartikainen, Jarmo"]
[Black "Averjanov, Alexey"]
[WhiteFideId "503134"]
[BlackFideId "14109867"]
[WhiteElo "2143"]
[BlackElo "2639"]
[Result "0-1"]
[Round "05"]
[TimeControl "180+1"]
[Date "2022.08.09"]
[WhiteClock "0:00:02"]
[BlackClock "0:02:30"]

1. e4 c6 2. d4 d5 3. Nc3 dxe4 4. Nxe4 Bf5 5. Ng3 Bg6 6. h4 h6 7. Bc4 e6 8. N1e2 Nf6 9. Nf4 Bh7 10. O-O Nd5 11. h5 Bd6 12. Nxd5 cxd5 13. Bd3 Bxd3 14. Qxd3 Nd7 15. Bd2 O-O 16. f4 Qh4 17. Qf3 Nf6 18. Rfe1 Ng4 19. Rac1 Rac8 20. b3 b5 21. c3 a5 22. Rc2 a4 23. Rb1 Rc6 24. bxa4 bxa4 25. Rb7 Rfc8 0-1


[Site "https://www.chess.com"]

[Event "Titled Tuesday Blitz August 09 Early 2022"]
[White "Hoffmann, Asa"]
[Black "Horcajuelo Rocamora, Martin"]
[WhiteFideId "2001470"]
[BlackFideId "24573027"]
[WhiteElo "2117"]
[BlackElo "1882"]
[Result "0-1"]
[Round "05"]
[TimeControl "180+1"]
[Date "2022.08.09"]
[WhiteClock "0:00:33"]
[BlackClock "0:00:38"]

1. d4 Nf6 2. Bg5 c5 3. d5 Qb6 4. Nc3 Qxb2 5. Bd2 Qb6 6. e4 d6 7. f4 Qd8 8. Nf3 g6 9. Bc4 Bg7 10. e5 dxe5 11. fxe5 Ng4 12. Qe2 O-O 13. h3 Nh6 14. g4 a6 15. a4 Nd7 16. a5 Qc7 17. Bf4 Kh8 18. O-O f6 19. d6 exd6 20. exd6 Qd8 21. Rfe1 Nf7 22. Qe7 Nfe5 23. Bxe5 Nxe5 24. Rxe5 fxe5 25. Ng5 Bd7 26. Nd5 h6 27. Nf7+ Rxf7 28. Qxf7 Qe8 29. Ne7 Qxf7 30. Bxf7 e4 31. Re1 Bd4+ 32. Kg2 Kg7 33. Bxg6 e3 34. Bf5 Bb5 35. Be4 Rd8 36. Bxb7 Kf6 37. Nf5 h5 38. Bd5 hxg4 39. hxg4 Ke5 40. c4 Bd7 41. Nxe3 Kxd6 42. Nf5+ Kc7 43. Kf3 Bc3 44. Rg1 Bxa5 45. Ne3 Rf8+ 46. Ke2 Bc3 47. g5 Bd4 48. Be4 Re8 49. Kd3 Bc6 50. Nd5+ Bxd5 51. cxd5 Bxg1 52. g6 Bd4 53. Kc4 Kd6 0-1


[Site "https://www.chess.com"]

[Event "Titled Tuesday Blitz August 09 Early 2022"]
[White "Hua, Lefong"]
[Black "Nazari, Arad"]
[WhiteFideId "2602253"]
[BlackFideId "12577324"]
[WhiteElo "2616"]
[BlackElo "2129"]
[Result "0-1"]
[Round "05"]
[TimeControl "180+1"]
[Date "2022.08.09"]
[WhiteClock "0:00:54"]
[BlackClock "0:00:35"]

1. d4 Nf6 2. c4 g6 3. Nc3 d5 4. cxd5 Nxd5 5. e4 Nxc3 6. bxc3 Bg7 7. Nf3 c5 8. Rb1 O-O 9. Be2 Nc6 10. d5 Ne5 11. Nxe5 Bxe5 12. Qd2 e6 13. f4 Bc7 14. O-O exd5 15. exd5 Ba5 16. f5 Bxf5 17. Rxb7 Qd6 18. Bf3 Rfb8 19. Rxb8+ Rxb8 20. Qf4 Qxf4 21. Bxf4 Rb1 22. d6 Rxf1+ 23. Kxf1 Kf8 24. Bc6 Bxc3 25. d7 Ke7 26. Bc7 Bxd7 27. Bxd7 Kxd7 28. Bf4 Kc6 29. Ke2 Kd5 30. Kd3 Be5 0-1


[Site "https://www.chess.com"]

[Event "Titled Tuesday Blitz August 09 Early 2022"]
[White "Ianov, Viktor"]
[Black "Bilych, Olexiy"]
[WhiteFideId "14102730"]
[BlackFideId "14156504"]
[WhiteElo "2152"]
[BlackElo "2157"]
[Result "0-1"]
[Round "05"]
[TimeControl "180+1"]
[Date "2022.08.09"]
[WhiteClock "0:00:07"]
[BlackClock "0:00:18"]

1. Nf3 d5 2. g3 Nd7 3. d4 Nb6 4. Bg2 Bf5 5. O-O e6 6. Nc3 Nf6 7. a4 a5 8. Ne5 Be7 9. Re1 h6 10. b3 O-O 11. Bb2 c6 12. f3 Bh7 13. e4 Bb4 14. Re3 Re8 15. Na2 Bf8 16. Qd2 Nbd7 17. Nd3 dxe4 18. fxe4 e5 19. dxe5 Ng4 20. Re2 Ndxe5 21. Rae1 Qb6+ 22. Kh1 Nxd3 23. cxd3 Qxb3 24. Nc1 Qxa4 25. Qf4 Nf6 26. Bxf6 gxf6 27. Rf2 Qb4 28. Ref1 a4 29. Qxf6 Bg6 30. Ne2 Bg7 31. Qh4 a3 32. Nf4 a2 33. Nxg6 fxg6 34. Qg4 a1=Q 35. Qxg6 Qe5 36. Rf7 Rf8 37. Bh3 Rxf7 38. Rxf7 Ra1+ 0-1


[Site "https://www.chess.com"]

[Event "Titled Tuesday Blitz August 09 Early 2022"]
[White "Ismayil, Malak"]
[Black "Sohier, Julien"]
[WhiteFideId "13412604"]
[BlackFideId "645346"]
[WhiteElo "1879"]
[BlackElo "2209"]
[Result "1-0"]
[Round "05"]
[TimeControl "180+1"]
[Date "2022.08.09"]
[WhiteClock "0:00:20"]
[BlackClock "0:00:46"]

1. e4 e5 2. Nf3 Nc6 3. Bc4 Bc5 4. O-O Nf6 5. d3 O-O 6. Nc3 h6 7. h3 Re8 8. Be3 Bb6 9. Qd2 Nd4 10. Bxd4 Bxd4 11. Nxd4 exd4 12. Ne2 c5 13. Bb3 d5 14. exd5 Nxd5 15. Rae1 Be6 16. Ng3 Qd7 17. Ne4 b6 18. Qd1 Bf5 19. Ng3 Be6 20. Qf3 Rad8 21. Nh5 Kh7 22. Qg3 Rg8 23. Qf3 Rde8 24. Ng3 Nb4 25. a3 Bxb3 26. cxb3 Nd5 27. Ne4 f5 28. Nd2 g6 29. Nc4 Nf6 30. a4 Rxe1 31. Rxe1 Re8 32. Rxe8 Qxe8 33. Kf1 Qe6 34. Qb7+ Qd7 35. Qb8 h5 36. Ne5 Qe7 37. Nc6 Qe6 38. Qxa7+ Kh6 39. Qxb6 f4 40. Qxc5 f3 41. Nxd4 fxg2+ 42. Kxg2 Qe1 43. Nf3 Qc1 44. Qxc1+ 1-0


[Site "https://www.chess.com"]

[Event "Titled Tuesday Blitz August 09 Early 2022"]
[White "Jain, Naveen"]
[Black "Atakhan, Abtin"]
[WhiteFideId "5003970"]
[BlackFideId "22502203"]
[WhiteElo "2036"]
[BlackElo "2087"]
[Result "0-1"]
[Round "05"]
[TimeControl "180+1"]
[Date "2022.08.09"]
[WhiteClock "0:00:02"]
[BlackClock "0:00:46"]

1. c4 e5 2. g3 c6 3. Bg2 d5 4. cxd5 cxd5 5. d4 e4 6. Nc3 Bb4 7. f3 f5 8. Nh3 Nf6 9. Bg5 O-O 10. O-O Bxc3 11. bxc3 Nbd7 12. Nf4 Qa5 13. Qb3 h6 14. Bxf6 Nxf6 15. fxe4 fxe4 16. Ng6 Re8 17. Ne5 Kh7 18. Rf4 Qb6 19. Qc2 a6 20. Raf1 Rxe5 21. e3 Re7 22. h3 Bd7 23. g4 Bb5 24. R1f2 Bd3 25. Qd2 Rf8 26. Kh2 Ree8 27. Kg3 Qc7 28. h4 g5 29. hxg5 hxg5 30. Qe1 Kg7 31. Qh1 Rh8 32. Qg1 Rh4 33. Qc1 Reh8 34. Bf3 exf3 0-1


[Site "https://www.chess.com"]

[Event "Titled Tuesday Blitz August 09 Early 2022"]
[White "Jorquera, Marcelo"]
[Black "Ziatdinov, Raset"]
[WhiteFideId "3401197"]
[BlackFideId "2015323"]
[WhiteElo "2136"]
[BlackElo "2220"]
[Result "0-1"]
[Round "05"]
[TimeControl "180+1"]
[Date "2022.08.09"]
[WhiteClock "0:00:02"]
[BlackClock "0:00:44"]

1. e4 e6 2. Qe2 c5 3. Nf3 Nc6 4. g3 Nge7 5. Bg2 g6 6. O-O Bg7 7. c3 O-O 8. Rd1 Qb6 9. Na3 d5 10. e5 Nf5 11. d3 Qc7 12. Bf4 h6 13. h4 Rd8 14. Re1 a6 15. Nc2 b5 16. Ne3 Nxe3 17. Qxe3 c4 18. dxc4 bxc4 19. Bxh6 Ne7 20. Bxg7 Kxg7 21. Qg5 Ng8 22. Nd4 Bb7 23. h5 Qe7 24. Qf4 g5 25. Qd2 Rab8 26. f4 gxf4 27. Qxf4 Nh6 28. Re2 Rg8 29. Rf2 Ba8 30. Raf1 Rbf8 31. Bh3 Bb7 32. Kh2 Bc8 33. Nf3 Kh7 34. Nd4 Rg7 35. Qf6 Qxf6 36. Rxf6 Rfg8 37. R1f3 Rg5 38. Re3 Rxh5 39. Kg2 Rgg5 40. Nc6 Bd7 0-1


[Site "https://www.chess.com"]

[Event "Titled Tuesday Blitz August 09 Early 2022"]
[White "Kamsky, Gata"]
[Black "Zemlyanskii, Ivan"]
[WhiteFideId "2000024"]
[BlackFideId "24249971"]
[WhiteElo "2666"]
[BlackElo "1879"]
[Result "1-0"]
[Round "05"]
[TimeControl "180+1"]
[Date "2022.08.09"]
[WhiteClock "0:00:09"]
[BlackClock "0:00:01"]

1. e4 c5 2. Nc3 a6 3. f4 b5 4. Nf3 Bb7 5. d3 e6 6. Be2 b4 7. Nb1 d5 8. Nbd2 Nc6 9. c3 Nf6 10. e5 Nd7 11. O-O Be7 12. Re1 Qb6 13. Nf1 a5 14. Be3 f5 15. exf6 Nxf6 16. Ng5 Nd8 17. d4 O-O 18. Ng3 h6 19. Nh3 Nf7 20. Bd3 cxd4 21. cxd4 Nd6 22. Nf2 Nc4 23. Qe2 Rfe8 24. b3 Nxe3 25. Qxe3 Bd6 26. Nf1 Rac8 27. Ng3 Qc7 28. Ne2 Qf7 29. Rac1 Rcd8 30. Qg3 Re7 31. Bg6 Qf8 32. Qh3 Ne4 33. Nxe4 dxe4 34. Qe3 Ba6 35. g3 Qf6 36. Bxe4 g5 37. fxg5 Qxg5 38. Qxg5+ hxg5 39. Kg2 e5 40. d5 Rc8 41. Rxc8+ Bxc8 42. Rc1 Bb7 43. h3 Kg7 44. g4 Ba6 45. Ng3 Rc7 46. Rc6 Rxc6 47. dxc6 Bc7 48. Kf3 Kf6 49. Bd5 Bd3 50. Be4 Bb5 51. Nf5 Ke6 52. h4 gxh4 53. Nxh4 Kf6 54. Nf5 a4 55. bxa4 Bxa4 56. Bd5 Bc2 57. Ng3 Bd1+ 58. Ne2 Kg5 59. Bc4 Bc2 60. Ng3 Bd1+ 61. Be2 Bc2 62. Ne4+ Kg6 63. Nc5 Bb6 64. Bd3+ Bxd3 65. Nxd3 Kf6 66. Nxb4 Ke6 67. Ke4 Kd6 68. g5 Ba5 69. g6 Ke6 70. Nd3 Bc7 71. a4 Kf6 72. Nxe5 Bxe5 73. g7 1-0


[Site "https://www.chess.com"]

[Event "Titled Tuesday Blitz August 09 Early 2022"]
[White "Kashefi, Amir Hosein"]
[Black "Wagner, Dennis"]
[WhiteFideId "12557935"]
[BlackFideId "24650684"]
[WhiteElo "1962"]
[BlackElo "2355"]
[Result "0-1"]
[Round "05"]
[TimeControl "180+1"]
[Date "2022.08.09"]
[WhiteClock "0:00:01"]
[BlackClock "0:01:00"]

1. d4 Nf6 2. Nf3 c5 3. e3 d5 4. b3 cxd4 5. exd4 Nc6 6. Bb2 Bf5 7. Bd3 Bxd3 8. Qxd3 e6 9. O-O Be7 10. Nbd2 O-O 11. a3 Rc8 12. c4 Re8 13. Rfe1 Bf8 14. Rad1 g6 15. c5 a5 16. Bc3 b6 17. b4 axb4 18. axb4 bxc5 19. dxc5 Nd7 20. h4 Rb8 21. Rb1 Qc7 22. Ng5 Qf4 23. Qf3 Qxf3 24. Ngxf3 Rb5 25. Nb3 e5 26. Nc1 Bxc5 27. Ra1 Bxb4 28. Bxb4 Rxb4 29. Ra6 Rb6 30. Ra3 e4 31. Ng5 h6 32. Nh3 Rb1 33. Rg3 d4 34. h5 g5 35. Ra3 f5 36. Kf1 Nb4 37. Ng1 Nc2 0-1


[Site "https://www.chess.com"]

[Event "Titled Tuesday Blitz August 09 Early 2022"]
[White "Kazancev, Valerij M"]
[Black "Ernst, Sipke"]
[WhiteFideId "4179609"]
[BlackFideId "1004689"]
[WhiteElo "2574"]
[BlackElo "2436"]
[Result "0-1"]
[Round "05"]
[TimeControl "180+1"]
[Date "2022.08.09"]
[WhiteClock "0:00:23"]
[BlackClock "0:00:54"]

1. c4 e6 2. Nf3 d5 3. g3 a6 4. Bg2 dxc4 5. a4 Nc6 6. Na3 Na5 7. O-O Nf6 8. Qc2 Bxa3 9. Rxa3 O-O 10. d3 cxd3 11. Rxd3 Qe7 12. b4 Nc6 13. Ba3 Nxb4 14. Rb1 c5 15. Bxb4 cxb4 16. a5 Bd7 17. Rd4 Rfc8 18. Qd2 Bb5 19. Rbxb4 e5 20. Rh4 Rd8 21. Qe1 e4 22. Ng5 e3 23. Ne4 exf2+ 24. Qxf2 Rd1+ 25. Bf1 Nd5 26. Rxb5 axb5 27. Qf5 g6 28. Qf2 f5 0-1


[Site "https://www.chess.com"]